 Dungeon Crawl Stone Soup version 0.32-a0-975-g85d4e5bfdb (console) character file.

Game seed: 17442016104227915933

342371 ShinQuickMan the Metallomancer (level 21, -3/144 HPs)
             Began as a Human Conjurer on Apr 18, 2024.
             Was a Believer of the Shining One.
             Slain by a purple very ugly thing (25 damage)
             ... on level 2 of the Depths.
             The game lasted 04:00:44 (42928 turns).

ShinQuickMan the Metallomancer (Human Conjurer)    Turns: 42928, Time: 04:00:44

Health: -3/144     AC: 13    Str: 10    XL:     21   Next: 62%
Magic:  35/47      EV: 11    Int: 33    God:    the Shining One [**....]
Gold:   2164       SH:  0    Dex: 16    Spells: 4/47 levels left

rFire   . . .        V - +8 hand axe {flame, Int+4}
rCold   + + .        (no shield)
rNeg    + + .        l - +2 robe {rC+}
rPois   +            M - +3 crown of Dyrovepreva {rElec Int+2 SInv}
rElec   +            H - +0 cloak {rC+}
rCorr   +            n - +1 pair of gloves of Yhotwoxt {rCorr Dex+4 Slay+3}
SInv    +            s - +2 pair of boots {Fly}
Will    +....        a - amulet of faith
Stlth   +            B - ring of wizardry
HPRegen 0.44/turn    k - ring "Coag Ics" {rPois rN+ rCorr MP+9}
MPRegen 0.30/turn

%: faith, wizardry (x1)
@: flying, hasted, glowing, very quick
A: explore regen
}: 3/15 runes: serpentine, barnacled, slimy
a: Renounce Religion, Divine Shield


You were on level 2 of the Depths.
You worshipped the Shining One.
The Shining One was pleased with you.
You visited 9 branches of the dungeon, and saw 41 of its levels.
You also visited: Trove, Sewer and Ice Cave.

You collected 16833 gold pieces.
You spent 6592 gold pieces at shops.
You paid 8077 gold pieces to Gozag.

Inventory:

Hand Weapons
 u - the +5 rapier "Dyeseumeru" {freeze, *Noise rC++ Dex+3 SInv}
   (You found it on level 5 of the Pits of Slime)

   Dex+3:     It affects your dexterity (+3).
   rC++:      It greatly protects you from cold.
   SInv:      It lets you see invisible.
   *Noise:    It may make a loud noise when swung.
 O - the +10 scimitar of Hacking and Slashing {venom, rC+ rN+}
   (You found it on level 5 of the Pits of Slime)

   rC+:       It protects you from cold.
   rN+:       It protects you from negative energy.
 V - the +8 hand axe of the Land of Plenty (weapon) {flame, Int+4}
   (You found it on level 4 of the Snake Pit)

   Int+4:     It affects your intelligence (+4).
 Z - a +7 trident of venom
Armour
 l - a +2 robe of cold resistance (worn)
 n - the +1 pair of gloves of Yhotwoxt (worn) {rCorr Dex+4 Slay+3}
   (You found it in a treasure trove)

   Dex+4:     It affects your dexterity (+4).
   Slay+3:    It affects your accuracy & damage with ranged weapons and melee
   (+3).
   rCorr:     It protects you from acid and corrosion.
 o - the +10 plate armour of Freedom {*Corrode rElec rC+ Str+3}
   (You found it on level 1 of the Depths)

   Str+3:     It affects your strength (+3).
   rC+:       It protects you from cold.
   rElec:     It insulates you from electricity.
   *Corrode:  It may corrode you when you take damage.
 s - a +2 pair of boots of flying (worn)
 E - a +0 troll leather armour
 H - a +0 cloak of cold resistance (worn)
 M - the +3 crown of Dyrovepreva (worn) {rElec Int+2 SInv}
   (You found it on level 9 of the Dungeon)

   Int+2:     It affects your intelligence (+2).
   rElec:     It insulates you from electricity.
   SInv:      It lets you see invisible.
Magical Staves
 q - a staff of alchemy
 D - a staff of air
 F - a staff of fire
 L - a staff of cold
Jewellery
 a - an amulet of faith (around neck)
 d - the ring "Duesity" {rF+ Will+++ Str+6}
   (You acquired it on level 1 of the Orcish Mines)

   [ring of strength]

   Str+6:     It affects your strength (+6).
   rF+:       It protects you from fire.
   Will+++:   It greatly increases your willpower.
 i - a ring of protection from cold
 k - the ring "Coag Ics" (right hand) {rPois rN+ rCorr MP+9}
   (You took it off a deep elf death mage on level 3 of the Elven Halls)

   [ring of positive energy]

   rPois:     It protects you from poison.
   rN+:       It protects you from negative energy.
   MP+9:      It affects your magic capacity (+9).
   rCorr:     It protects you from acid and corrosion.
 p - a ring of wizardry
 w - the ring of Ritsam {rPois rC++ MP+9 Dex-4 SInv}
   (You found it on level 5 of the Pits of Slime)

   [ring of poison resistance]

   Dex-4:     It affects your dexterity (-4).
   rC++:      It greatly protects you from cold.
   rPois:     It protects you from poison.
   MP+9:      It affects your magic capacity (+9).
   SInv:      It lets you see invisible.
 B - a ring of wizardry (left hand)
 R - an amulet of magic regeneration
Wands
 m - a wand of acid (5)
 v - a wand of warping (46)
 Q - a wand of digging (3)
Scrolls
 c - 7 scrolls of poison
 e - 2 scrolls of identify
 h - a scroll of enchant armour
 y - 2 scrolls of silence
 z - 2 scrolls of fear
 C - 2 scrolls of enchant weapon
 G - a scroll of immolation
 K - 13 scrolls of teleportation
 N - 2 scrolls of butterflies
 P - 7 scrolls of blinking
 T - 8 scrolls of fog
 X - 4 scrolls of revelation
Potions
 b - a potion of magic
 f - 9 potions of curing
 g - 12 potions of might
 j - 4 potions of haste
 r - 5 potions of brilliance
 t - 3 potions of resistance
 x - 3 potions of heal wounds
 A - 3 potions of ambrosia
 I - 5 potions of enlightenment
 S - 2 potions of invisibility


   Skills:
 - Level 7.0 Fighting
 - Level 2.0 Dodging
 - Level 2.0 Stealth
 + Level 13.9 Spellcasting
 - Level 19.0 Conjurations
 - Level 4.0 Translocations
 - Level 4.0 Fire Magic
 - Level 22.0 Earth Magic
 - Level 19.0 Alchemy
 * Level 5.0 Invocations


You had 4 spell levels left.
You knew the following spells:

 Your Spells              Type           Power      Damage    Failure   Level
a - Fulsome Fusillade     Conj/Alch      49%        (3-5)d15  2%          8
b - Shatter               Erth           53%        3d40*     10%         9
c - Fulminant Prism       Conj/Alch      49%        3d21      0%          4
d - Iskenderun's Mystic   Conj/Tloc      78%        2d16      (+2d81%     4
e - Olgreb's Toxic Radia  Alch           99%        N/A       0%          4
f - Ignite Poison         Fire/Alch      78%        N/A       1%          4
g - Seismic Cannonade     Alch/Erth      51%        6d16      1%          7
h - Searing Ray           Conj           100%       2d8       0%          2
z - Magic Dart            Conj           100%       1d8       0%          1

Your spell library contained the following spells:

 Spells                   Type           Power      Damage    Failure   Level
 Foxfire                  Conj/Fire      100%       2x1d9     0%          1
 Sandblast                Erth           100%       2d20      0%          1
 Sting                    Conj/Alch      100%       1d9       0%          1
 Passwall                 Erth           100%       N/A       0%          3
 Stone Arrow              Conj/Erth      100%       3d13      0%          3
 Brom's Barrelling Bould  Conj/Erth      100%       2d11      0%          4
 Leda's Liquefaction      Alch/Erth      51%        N/A       0%          4
 Petrify                  Alch/Erth      100%       N/A       0%          4
 Apportation              Tloc           98%        N/A       1%          1
 Kiss of Death            Conj/Necr      100%       2d13      1%          1
 Necrotise                Necr           92%        1d8       1%          1
 Shock                    Conj/Air       100%       1d9       1%          1
 Summon Small Mammal      Summ           92%        N/A       1%          1
 Blink                    Tloc           98%        N/A       1%          2
 Call Imp                 Summ           46%        N/A       1%          2
 Cigotuvi's Dreadful Rot  Necr/Alch/Air  100%       N/A       1%          2
 Ensorcelled Hibernation  Hex/Ice        46%        N/A       1%          2
 Jinxbite                 Hex            46%        N/A       1%          2
 Mercury Vapours          Alch/Air       100%       N/A       1%          2
 Scorch                   Fire           98%        2d9       1%          2
 Sublimation of Blood     Necr           23%        N/A       1%          2
 Dazzling Flash           Conj/Hex       100%       N/A       1%          3
 Hailstorm                Conj/Ice       72%        3d13      1%          3
 Inner Flame              Hex/Fire       36%        N/A       1%          3
 Mephitic Cloud           Conj/Alch/Air  82%        N/A       1%          3
 Teleport Other           Tloc           49%        N/A       1%          3
 Volatile Blastmotes      Fire/Tloc      98%        2d18      1%          3
 Animate Armour           Summ/Erth      100%       N/A       1%          4
 Flame Wave               Conj/Fire      78%        2d17      1%          4
 Passage of Golubria      Tloc           49%        N/A       1%          4
 Sticky Flame             Fire/Alch      78%        2d12      1%          4
 Call Canine Familiar     Summ           23%        N/A       2%          3
 Confusing Touch          Hex            23%        N/A       2%          3
 Swiftness                Air            23%        N/A       2%          3
 Tukima's Dance           Hex            23%        N/A       2%          3
 Vampiric Draining        Necr           23%        2d7       2%          3
 Dimensional Bullseye     Hex/Tloc       18%        N/A       3%          4
 Summon Blazeheart Golem  Fire/Summ      36%        N/A       3%          4
 Vhi's Electric Charge    Tloc/Air       72%        N/A       3%          4
 Airstrike                Air            11%        2d(2-18)  8%          4
 Animate Dead             Necr           23%        N/A       8%          4
 Dispel Undead            Necr           23%        3d12      8%          4
 Martyr's Knell           Necr/Summ      23%        N/A       8%          4
 Alistair's Intoxication  Alch           66%        N/A       0%          5
 Iskenderun's Battlesphe  Conj           99%        2d15      0%          5
 Lee's Rapid Deconstruct  Erth           53%        3d25*     0%          5
 Arcjolt                  Conj/Air       36%        1d46      1%          5
 Borgnjor's Vile Clutch   Necr/Erth      38%        N/A       1%          5
 Fireball                 Conj/Fire      39%        3d16      1%          5
 Freezing Cloud           Conj/Ice/Air   29%        6-21      1%          5
 Yara's Violent Unravell  Hex/Alch       36%        3d15      1%          5
 Bombard                  Conj/Erth      51%        9d9       1%          6
 Starburst                Conj/Fire      39%        6d11      1%          6
 Orb of Destruction       Conj           49%        9d13      1%          7
 Lehudib's Crystal Spear  Conj/Erth      51%        10d12     1%          8
 Conjure Ball Lightning   Conj/Air       36%        3x3d12    2%          6
 Magnavolt                Erth/Air       38%        3d18      8%          7
 Summon Forest            Summ/Tloc      18%        N/A       10%         5
 Curse of Agony           Necr           23%        N/A       21%         5
 Metabolic Englaciation   Hex/Ice        11%        N/A       21%         5
 Silence                  Hex/Air        11%        N/A       21%         5
 Summon Mana Viper        Hex/Summ       23%        N/A       21%         5
 Dispersal                Tloc           24%        N/A       22%         6
 Gell's Gavotte           Tloc           24%        2d(22-32) 22%         6
 Plasma Beam              Fire/Air       18%        2x1d29    45%         6
 Death Channel            Necr           11%        N/A       71%         6
 Summon Cactus Giant      Summ           11%        N/A       71%         6
 Malign Gateway           Summ/Tloc      18%        N/A       94%         7
 Haunt                    Necr/Summ      11%        N/A       99%         7
 Borgnjor's Revivificati  Necr           11%        N/A       100%        8
 Ignition                 Fire           24%        3d8       100%        8
 Summon Horrible Things   Summ           11%        N/A       100%        8
 Death's Door             Necr           11%        N/A       100%        9


Dungeon Overview and Level Annotations

Branches:
Dungeon (15/15)            Temple (1/1) D:5            Lair (5/5) D:10
 Shoals (4/4) Lair:2        Snake (4/4) Lair:3        Slime (5/5) Lair:5
    Orc (2/2) D:10            Elf (3/3) Orc:2        Vaults (0/5) D:14
 Depths (2/4) D:15          Sewer (visited)           IceCv (visited)

Altars:
Ashenzari
Cheibriados
Dithmenos
Elyvilon
Fedhas
Gozag
Hepliaklqana
Kikubaaqudgha
Makhleb
Nemelex Xobeh
Okawaru
Qazlal
Ru
Sif Muna
Trog
Uskayaw
Vehumet
Wu Jian
Xom
Yredelemnul
Zin
The Shining One
Beogh
Jiyva

Shops:
D:4 *   D:6 :   D:9 :   D:10 *   D:11 (   D:14 *   D:15 =?!?:   Orc:1 ?[(
Orc:2 =*[[   Elf:1 (   Elf:2 *   Elf:3 =*   Shoals:1 [   Shoals:3 (
Depths:1 *:*?

Portals:
Hell: Depths:1

Annotations:
D:6 Maxmaps's ghost, novice OnMo
Snake:4 2 transporters


Innate Abilities, Weirdness & Mutations

You regain HP and MP as you explore.


Message History

As you read the scroll of teleportation, it crumbles to dust.
You feel strangely unstable.
The deep elf blademaster rages.
Casting: Iskenderun's Mystic Blast (safe; 1% risk of failure)
Confirm with . or Enter, or press ? or * to list all spells.
You erupt in a blast of force!
The mystic blast hits the deep elf blademaster!
The deep elf blademaster is lightly wounded.
The deep elf blademaster is knocked back by the mystic blast.
The deep elf blademaster slams into the rock wall!
The deep elf blademaster is moderately wounded.
Your surroundings suddenly seem different. 3 ugly things, a rakshasa, a stone giant and an ice dragon come into view.
Gozag incites the purple very ugly thing against you.
The purple very ugly thing gurgles horribly!
The purple very ugly thing goes berserk!
Found 15 gold pieces.
The purple ugly thing gurgles horribly!
The purple very ugly thing gurgles horribly!
The ice dragon roars deafeningly!
You hear a horrible gurgling sound!
You hear a shout!
The purple very ugly thing rages.
The stone giant throws a large rock.
The large rock hits you!!
* * * LOW HITPOINT WARNING * * *
The ice dragon moves out of view.
A purple very ugly thing comes into view.
As you read the scroll of fear, it crumbles to dust.
You assume a fearsome visage.
The purple very ugly thing resists with some effort.
The purple ugly thing looks frightened!
The purple very ugly thing looks frightened!
The purple very ugly thing is unaffected.
The rakshasa resists with almost no effort.
The stone giant looks frightened!
A purple ugly thing comes into view.
The purple very ugly thing moves out of view.
You feel yourself speed up.
The purple ugly thing basks in the mutagenic energy from its kin and changes!
The purple very ugly thing attacks as it pursues you!
The purple very ugly thing bites you!!
You die...

#...#.##.°..## +#.#
#ß.ß#..'I#### ##
##'##..###..##'#. .'
#.....##.......C .##
##...##........##
...#
#..##..........#....u
##.#...........#u.C.
#+#...........uR..
#..........u#
#.@u..$# ########


You could see 2 very ugly things, a stone giant (fleeing), 2 ugly things and a
rakshasa.

Vanquished Creatures
  the Royal Jelly (Slime:5)
  2 deep elf master archers (Elf:3)
  3 deep elf blademasters
  19 acid blobs
  Polyphemus (Shoals:3)
  A storm dragon (Shoals:4)
  3 nagarajas (Snake:4)
  Roxanne (D:15)
  15 azure jellies
  10 rockslimes
  Donald (Snake:2)
  3 deep elf sorcerers (Elf:3)
  A balrug (Depths:1)
  4 deep elf elementalists (Elf:3)
  A reaper (IceCv)
  An orc warlord (Orc:1)
  10 quicksilver oozes
  A stone giant (Depths:2)
  6 deep elf demonologists
  A vampire knight (Depths:1)
  Nessos (Orc:2)
  6 deep elf death magi (Elf:3)
  A deep elf annihilator (Elf:3)
  8 merfolk javelineers
  4 ettins
  10 merfolk impalers
  A great orb of eyes (Slime:5)
  A vault guard (D:14)
  2 hydras (D:9)
  A deep elf high priest (Elf:3)
  Erica (D:10)
  A rakshasa (Depths:1)
  4 anacondas
  2 salamander tyrants (Snake:4)
  A spriggan air mage (Depths:1)
  A centaur warrior (Shoals:1)
  4 boulder beetles
  4 merfolk aquamancers (Shoals:4)
  13 dancing weapons
  A merfolk avatar (Shoals:3)
  13 death yaks
  3 alligator snapping turtles (Shoals:4)
  5 two-headed ogres
  A deep troll shaman (Depths:2)
  A vampire mage (Depths:2)
  3 tengu warriors
  3 satyrs
  3 deep troll earth magi (Depths:2)
  9 naga warriors
  10 naga sharpshooters
  An orc high priest (Orc:2)
  4 shock serpents
  8 deep elf knights
  3 skysharks
  An iron troll (Depths:2)
  A skeletal warrior (D:9)
  5 salamander mystics
  3 deep elf archers
  4 deep trolls (Depths:2)
  2 naga ritualists
  6 sea snakes
  A sea snake (shapeshifter) (Elf:1)
  A deep troll (shapeshifter) (Elf:1)
  5 mana vipers
  18 deep elf zephyrmancers
  2 thermic dynamos (Elf:2)
  A wolf spider (D:15)
  4 orc knights
  13 ugly things
  11 deep elf pyromancers
  9 cyclopes
  16 fauns
  2 orc sorcerers (Orc:2)
  6 shining eyes
  11 salamanders
  10 manticores
  5 merfolk sirens
  A meliai (D:14)
  8 kobold blastminers
  2 guardian serpents
  20 black mambas
  8 elephants
  5 water nymphs
  3 eyes of devastation
  13 naga magi
  An ice statue (IceCv)
  An elephant (shapeshifter) (Elf:1)
  A cane toad (shapeshifter) (Elf:1)
  6 cane toads
  2 smoke demons (Depths:1)
  An unseen horror zombie (D:8)
  2 unseen horrors
  Maggie (Lair:1)
  An unseen horror (shapeshifter) (Elf:1)
  2 rime drakes (Lair:4)
  5 komodo dragons
  A yaktaur (D:13)
  A freezing wraith (IceCv)
  An efreet (D:9)
  A tengu conjurer (D:14)
  6 trolls
  27 merfolk
  6 hornets (Lair:5)
  2 polar bears (Lair:5)
  Grinder (D:3)
  7 wind drakes
  8 blink frogs
  2 saltlings (Orc:2)
  A dream sheep (Lair:5)
  84 slime creatures
  A glass eye (shapeshifter) (Elf:1)
  8 snapping turtles
  57 yaks
  A shadow (D:12)
  3 air elementals (Shoals:4)
  3 wyverns
  4 wraiths
  7 spriggans (Lair:5)
  A dire elephant simulacrum (IceCv)
  12 water elementals
  4 basilisks
  2 golden eyes (Slime:4)
  5 hogs (D:14)
  3 steam dragons
  A death yak simulacrum (Lair:2)
  3 acid dragons
  32 nagas
  6 water moccasins
  A sky beast (D:7)
  15 orc warriors
  A hornet zombie (D:8)
  5 laughing skulls
  A meliai simulacrum (D:15)
  Pargi (Sewer)
  6 black bears
  6 wolves (Lair:5)
  2 boggarts (Lair:5)
  4 ogres
  A centaur (D:6)
  A phantom (D:4)
  2 kobold brigands
  8 bullfrogs
  A brain worm (Sewer)
  5 two-headed ogre simulacra (IceCv)
  3 scorpions
  3 cane toad simulacra (IceCv)
  5 wights (D:8)
  3 elephant simulacra
  2 bombardier beetles
  6 howler monkeys
  3 centaur zombies (D:8)
  A hound (D:6)
  7 jellies
  9 orc priests
  A gnoll bouda (D:6)
  A sleepcap (D:7)
  Jessica (D:3)
  5 hell rats (Lair:5)
  Ijyb (D:3)
  2 iguanas
  13 orc wizards
  5 spriggan simulacra (IceCv)
  6 troll simulacra (IceCv)
  3 polar bear simulacra
  2 killer bee zombies (D:8)
  A wolf simulacrum (IceCv)
  2 mummies (D:8)
  A howler monkey zombie (D:8)
  11 gnolls
  5 adders
  3 naga simulacra (IceCv)
  A river rat (D:4)
  6 shadow imps
  11 white imps
  8 ufetubi
  2 dart slugs
  3 ribbon worms
  57 orcs
  12 ball pythons
  4 endoplasms
  4 giant cockroaches
  5 goblins
  5 hobgoblins
  10 jackals
  2 quokkas
  7 bats
  A frilled lizard (D:1)
  9 kobolds
  6 rats
1058 creatures vanquished.

Vanquished Creatures (collateral kills)
  Mlioglotl (Snake:2)
  A deep elf blademaster (Elf:3)
  5 acid blobs
  Asterion (Elf:1)
  Kirke (D:14)
  A fire giant (D:14)
  A quicksilver ooze (Slime:1)
  The ghost of lucidstorm14 the Severer, a journeyman MiBe of Trog (D:14)
  2 deep elf annihilators (Elf:3)
  2 deep elf death magi (Elf:3)
  A dire elephant (D:15)
  An ettin (Depths:2)
  A merfolk javelineer (Shoals:2)
  Josephine (D:14)
  7 merfolk impalers
  5 hydras
  2 ice dragons (Depths:2)
  A great orb of eyes (Slime:5)
  An anaconda (Snake:2)
  2 catoblepae
  16 dancing weapons
  A boulder beetle (D:13)
  2 alligator snapping turtles
  2 death yaks
  A deep troll earth mage (Depths:2)
  3 naga sharpshooters
  A tengu warrior (D:14)
  2 skysharks
  A naga warrior (Snake:4)
  4 deep elf knights
  A deep elf archer (Elf:2)
  A sea snake (Shoals:1)
  2 mana vipers
  2 glowing orange brains
  An iron troll (Depths:2)
  11 deep elf pyromancers
  8 deep elf zephyrmancers
  9 ugly things
  An orc sorcerer (Orc:1)
  4 orc knights (Orc:2)
  2 salamanders
  8 cyclopes
  6 fauns
  5 manticores
  2 meliai (D:14)
  2 elephants (Lair:4)
  7 black mambas
  A kobold blastminer (Orc:2)
  4 merfolk sirens
  7 naga magi
  A guardian serpent (shapeshifter) (Elf:1)
  2 water nymphs
  A gargoyle (D:13)
  6 cane toads
  An efreet (D:13)
  A rime drake (Lair:5)
  7 komodo dragons
  A troll (D:13)
  A guardian mummy (Elf:2)
  12 merfolk
  2 polar bears (Lair:5)
  A wind drake (Shoals:1)
  A hornet (Lair:5)
  6 saltlings (Orc:2)
  4 blink frogs
  A snapping turtle (Shoals:1)
  24 slime creatures
  6 spriggans (Lair:5)
  2 dire elephant simulacra (IceCv)
  An air elemental (Shoals:4)
  4 wraiths (D:14)
  A wyvern (Lair:5)
  19 water elementals
  7 yaks
  7 golden eyes (Slime:1)
  2 wargs (Orc:1)
  A golden eye (shapeshifter) (Elf:1)
  2 basilisks
  A death yak simulacrum (IceCv)
  A hog (D:14)
  10 nagas
  14 water moccasins
  A black bear (Lair:5)
  3 orc warriors
  4 ogres (Orc:2)
  12 wolves (Lair:5)
  A boggart (Lair:5)
  A laughing skull (D:13)
  2 bullfrogs (Lair:3)
  An earth elemental (Elf:1)
  An elephant simulacrum (IceCv)
  An orc priest (Orc:1)
  3 jellies
  2 hell rats (Lair:5)
  An orc wizard (D:13)
  A spriggan simulacrum (IceCv)
  A polar bear simulacrum (IceCv)
  A naga simulacrum (IceCv)
  A white imp (IceCv)
  2 ufetubi (IceCv)
  6 orcs
350 creatures vanquished.

Vanquished Creatures (others)
  A shadow imp (D:8)
  131 fulminant prisms
132 creatures vanquished.

Grand Total: 1540 creatures vanquished

Notes
Turn   | Place    | Note
-------+----------+-------------------------------------------
     0 | D:1      | ShinQuickMan the Human Conjurer began the quest for the
                  | Orb.
     0 | D:1      | Reached XP level 1. HP: 13/13 MP: 3/3
    18 | D:1      | Found a faded altar of an unknown god.
    27 | D:1      | Prayed at the altar of an unknown god.
    27 | D:1      | Became a worshipper of Gozag Ym Sagoz the Greedy
   405 | D:1      | Reached skill level 1 in Alchemy
   474 | D:1      | Reached XP level 2. HP: 19/19 MP: 3/5
   477 | D:1      | Learned a level 2 spell: Searing Ray
   972 | D:2      | Reached XP level 3. HP: 24/24 MP: 2/6
  1204 | D:2      | Reached XP level 4. HP: 30/30 MP: 2/8
  1238 | D:2      | Learned a level 4 spell: Fulminant Prism
  2067 | D:3      | Noticed Ijyb
  2081 | D:3      | Reached XP level 5. HP: 35/35 MP: 0/9
  2168 | D:3      | Noticed Grinder
  2181 | D:4      | Noticed a black bear
  2190 | D:4      | Killed a black bear
  2191 | D:4      | Reached XP level 6. HP: 34/41 MP: 1/12
  2261 | D:4      | Found a glowing drain.
  2295 | D:4      | Identified the +9 ring mail of Ashenzari's Esteem {rC+}
  2306 | Sewer    | Entered a sewer
  2328 | Sewer    | Reached skill level 1 in Translocations
  2335 | Sewer    | Noticed Pargi
  2340 | Sewer    | Killed Pargi
  2395 | D:4      | Found an opulent altar of Gozag.
  2420 | D:4      | Found a burning altar of Makhleb.
  2540 | D:4      | Identified the +9 falchion "Ivotiu" {distort, Int+2 SInv}
  2566 | D:4      | Reached skill level 5 in Conjurations
  2566 | D:4      | Reached XP level 7. HP: 46/46 MP: 5/13
  2788 | D:4      | Found Lipef's Serpentskin Sales.
  2798 | D:4      | Bought 2 curare-tipped darts for 26 gold pieces
  2927 | D:5      | Entered Level 5 of the Dungeon
  2976 | D:3      | Killed Ijyb
  3098 | D:3      | Noticed Jessica
  3101 | D:3      | Killed Jessica
  3303 | D:3      | Paralysed by Grinder for 4 turns
  3326 | D:3      | Killed Grinder
  3327 | D:3      | Reached XP level 8. HP: 43/52 MP: 8/14
  3423 | D:5      | Reached skill level 1 in Fighting
  3462 | D:5      | Found a broken altar of Ashenzari.
  3538 | D:5      | Found a radiant altar of Vehumet.
  3538 | D:5      | Found an ancient bone altar of Kikubaaqudgha.
  3539 | D:5      | Found a shimmering blue altar of Sif Muna.
  3737 | D:5      | Found a staircase to the Ecumenical Temple.
  3871 | D:6      | Noticed a wraith
  3880 | D:6      | Killed a wraith
  3958 | D:4      | Bought the Guidebook on Transmogrification for 374 gold
                  | pieces
  3958 | D:4      | Bought the Papyrus of Morality for 396 gold pieces
  3963 | D:4      | Learned a level 4 spell: Olgreb's Toxic Radiance
  3968 | D:4      | Learned a level 4 spell: Iskenderun's Mystic Blast
  4003 | D:6      | Reached skill level 5 in Alchemy
  4308 | D:6      | Reached XP level 9. HP: 66/66 MP: 11/15
  4504 | D:6      | Found a runed translucent door.
  4512 | D:6      | Noticed Maxmaps's ghost (novice OnMo)
  4543 | D:6      | Found a sparkling altar of Nemelex Xobeh.
  4595 | D:6      | Found Ecafecul's Book Emporium.
  5184 | D:7      | Reached skill level 5 in Fighting
  5268 | D:7      | You fall into a shaft and drop 1 floor!
  5836 | D:8      | Noticed a boulder beetle
  5862 | D:8      | Killed a boulder beetle
  5863 | D:8      | Reached skill level 5 in Spellcasting
  5884 | D:8      | Found a sacrificial altar of Ru.
  5906 | D:8      | Reached XP level 10. HP: 51/74 MP: 4/18
  6182 | D:8      | Found a hide-covered altar of Uskayaw.
  6468 | D:8      | Reached skill level 10 in Alchemy
  6534 | D:8      | Learned a level 4 spell: Ignite Poison
  6581 | D:8      | Found a basalt altar of Yredelemnul.
  6812 | D:9      | Noticed a two-headed ogre
  6820 | D:9      | Killed a two-headed ogre
  6822 | D:9      | Noticed a two-headed ogre
  6834 | D:9      | Killed a two-headed ogre
  6869 | D:9      | Found Nymmin's Book Shop.
  6941 | D:9      | Reached skill level 1 in Fire Magic
  6956 | D:9      | Noticed a five-headed hydra
  7035 | D:9      | Noticed a tengu warrior
  7045 | D:9      | Killed a tengu warrior
  7046 | D:9      | Reached XP level 11. HP: 79/79 MP: 2/22
  7050 | D:9      | Noticed a four-headed hydra
  7317 | D:9      | Killed a four-headed hydra
  7332 | D:9      | Found the +3 crown of Dyrovepreva {rElec Int+2 SInv}
  7333 | D:9      | Noticed a skeletal warrior
  7742 | D:9      | Found a snail-covered altar of Cheibriados.
  7848 | D:9      | Killed a five-headed hydra
  8122 | D:9      | Killed a skeletal warrior
  8166 | D:10     | Entered Level 10 of the Dungeon
  8213 | D:10     | Noticed a two-headed ogre
  8364 | D:10     | Reached skill level 2 in Earth Magic
  8580 | D:10     | Found a staircase to the Lair.
  8592 | D:10     | Reached skill level 3 in Earth Magic
  8729 | D:10     | Reached skill level 4 in Earth Magic
  8733 | D:10     | Reached skill level 10 in Spellcasting
  8776 | D:10     | Noticed Erica
  8777 | D:10     | Found Hecad's Changing Room.
  8795 | D:10     | Killed Erica
  8796 | D:10     | Reached skill level 5 in Earth Magic
  8858 | D:10     | Reached XP level 12. HP: 86/86 MP: 16/26
  8866 | D:10     | Found an ornate altar of the Wu Jian Council.
  8896 | D:10     | Killed a two-headed ogre
  8897 | D:10     | Reached skill level 6 in Earth Magic
  9097 | D:10     | Found a staircase to the Orcish Mines.
  9572 | D:11     | Reached skill level 7 in Earth Magic
  9615 | D:11     | Found Ilyruck's Weapon Boutique.
  9850 | D:11     | Noticed a two-headed ogre
  9856 | D:11     | Killed a two-headed ogre
  9909 | D:11     | Noticed a boulder beetle
  9915 | D:11     | Killed a boulder beetle
 10000 | D:12     | Reached skill level 8 in Earth Magic
 10645 | D:12     | Found a transporter.
 10651 | D:12     | Found a transporter.
 10673 | D:12     | Found a transporter.
 10689 | D:12     | Found a transporter.
 10717 | D:12     | Reached skill level 9 in Earth Magic
 10861 | Lair:1   | Entered Level 1 of the Lair of Beasts
 11059 | Lair:1   | Noticed Maggie
 11071 | Lair:1   | Killed Maggie
 11217 | Lair:1   | Reached skill level 10 in Earth Magic
 11372 | Lair:1   | Reached XP level 13. HP: 91/91 MP: 23/27
 11670 | D:9      | Bought Sif Muna's Incunabulum of Oromancy for 630 gold
                  | pieces
 11678 | D:9      | Learned a level 7 spell: Seismic Cannonade
 11991 | Lair:2   | You fall into a shaft and drop 1 floor!
 12007 | Lair:2   | Found a frozen archway.
 12014 | Lair:2   | Reached skill level 11 in Earth Magic
 12032 | IceCv    | Entered an ice cave
 12874 | IceCv    | Noticed a reaper
 12914 | IceCv    | Killed a reaper
 13445 | IceCv    | Got the Guide on Open Graves and Fire
 13746 | Lair:2   | Found a staircase to the Shoals.
 14306 | Lair:3   | Found a staircase to the Snake Pit.
 14394 | Lair:3   | Reached skill level 12 in Earth Magic
 15078 | Lair:3   | Reached skill level 13 in Earth Magic
 15306 | Lair:4   | Reached XP level 14. HP: 98/98 MP: 17/28
 15647 | Lair:4   | Reached skill level 15 in Alchemy
 16129 | Lair:5   | Entered Level 5 of the Lair of Beasts
 16500 | Lair:5   | Found an iron altar of Okawaru.
 16869 | Lair:5   | Found a viscous altar of Jiyva.
 16869 | Lair:5   | Found a staircase to the Slime Pits.
 17115 | Lair:5   | Reached skill level 10 in Conjurations
 17126 | Lair:5   | Reached XP level 15. HP: 103/103 MP: 15/29
 17887 | Orc:1    | Entered Level 1 of the Orcish Mines
 17891 | Orc:1    | Noticed an orc warlord
 17904 | Orc:1    | Killed an orc warlord
 17968 | Orc:1    | Found Kajy's Armour Shop.
 17978 | Orc:1    | Found Tile Zor's Antique Weapon Boutique.
 18172 | Orc:1    | Found a roughly hewn altar of Beogh.
 18307 | Orc:2    | Entered Level 2 of the Orcish Mines
 18307 | Orc:2    | Found a staircase to the Elven Halls.
 18663 | Orc:2    | Noticed Nessos
 18674 | Orc:2    | Killed Nessos
 18765 | Orc:2    | Found Taor's Jewellery Shop.
 18837 | Orc:2    | Found Hoaguahe's Armour Boutique.
 18841 | Orc:2    | Found Yri Hujo's General Store.
 18841 | Orc:2    | Found a roughly hewn altar of Beogh.
 18914 | Orc:2    | Found Dezuok's Antique Armour Emporium.
 18920 | Orc:2    | Bought a fine ring mail for 198 gold pieces
 18920 | Orc:2    | Identified the +2 ring mail "Jewnybro" {+Inv rPois Slay-3}
                  | (You bought it in a shop on level 2 of the Orcish Mines)
 19185 | Orc:1    | Found Lanipua's Magic Scroll Shoppe.
 19208 | Orc:1    | Bought a scroll of identify for 34 gold pieces
 19208 | Orc:1    | Bought a scroll of amnesia for 68 gold pieces
 19208 | Orc:1    | Bought a scroll of identify for 34 gold pieces
 19211 | Orc:1    | Identified 2 scrolls of acquirement
 19214 | Orc:1    | Acquired the ring "Duesity" {rF+ Will+++ Str+6}
 19628 | D:12     | Acquired Qonafoen's Omnibus of the Solid Union
 20148 | D:13     | Identified the +9 war axe of Perinut {heavy, *Corrode
                  | +Blink Dex+3}
 20544 | D:14     | Found a runed translucent gate.
 20544 | D:14     | Found a runed translucent gate.
 20544 | D:14     | Found a runed translucent gate.
 20546 | D:14     | Found an opulent altar of Gozag.
 20553 | D:14     | Noticed Josephine
 20562 | D:14     | Killed Josephine
 20805 | D:14     | Found Rizaoja's Assorted Antiques.
 20805 | D:14     | Noticed a fire giant
 20805 | D:14     | Noticed lucidstorm14's ghost (journeyman MiBe)
 20940 | D:14     | Reached XP level 16. HP: 84/109 MP: 20/30
 20973 | D:14     | Noticed Kirke
 20976 | D:14     | Killed Kirke
 21036 | D:14     | Found a gate to the Vaults.
 21412 | D:14     | Killed lucidstorm14's ghost
 21459 | D:14     | Bought a fuming grey potion for 23 gold pieces
 21459 | D:14     | Bought a fizzy silvery potion for 23 gold pieces
 21459 | D:14     | Bought a fizzy silvery potion for 23 gold pieces
 21459 | D:14     | Bought 3 scrolls of enchant armour for 585 gold pieces
 21537 | D:15     | Entered Level 15 of the Dungeon
 21683 | D:15     | Found a staircase to the Depths.
 21733 | D:15     | Noticed Roxanne
 21834 | D:15     | Killed Roxanne
 22504 | D:15     | Learned a level 8 spell: Fulsome Fusillade
 22635 | Elf:1    | Entered Level 1 of the Elven Halls
 22985 | Elf:1    | Found the dreamshard necklace {Acrobat *Dream}
 23103 | Elf:1    | Found Yllakeo's Antique Weapon Boutique.
 23114 | Elf:1    | Bought a masterwork quarterstaff for 279 gold pieces
 23114 | Elf:1    | Identified the +7 quarterstaff of the Kidney {freeze,
                  | Dex+3} (You bought it in a shop on level 1 of the Elven
                  | Halls)
 23295 | Elf:1    | Noticed Asterion
 23303 | Elf:1    | Killed Asterion
 23492 | Elf:2    | Reached skill level 15 in Conjurations
 23747 | Elf:2    | Reached XP level 17. HP: 115/115 MP: 31/31
 23758 | Elf:2    | Identified the +9 bardiche of Otasefuffym {elec, +Blink Fly
                  | Str+3}
 23783 | Elf:2    | Found a portal to a secret trove of treasure.
 23801 | Elf:2    | You paid a toll of 5 scrolls of fear to enter a treasure
                  | trove
 23802 | Trove    | Entered a treasure trove
 23804 | Trove    | Found the +3 warlock's mirror {omnireflect}
 23805 | Trove    | Found the +3 hat of Pondering {ponderous, Will+ MP+10
                  | Int+5}
 23806 | Trove    | Identified the +0 chain mail of Dim Light {rElec Int+4}
 23808 | Trove    | Identified the +0 chain mail of the Invisible Hand {Int+3}
 23811 | Trove    | Identified the +1 pair of gloves of Yhotwoxt {rCorr Dex+4
                  | Slay+3}
 23826 | Trove    | Identified the scarf of Dogma {shadows, rPois}
 23846 | Trove    | Identified the +0 ring mail "Tett" {Int+3 SInv Stlth+}
 24082 | Elf:2    | Found a runed translucent gate.
 24084 | Elf:2    | Found a runed translucent gate.
 24085 | Elf:2    | Found a runed translucent gate.
 24103 | Elf:2    | Found Neloqigh's General Store.
 24327 | Elf:2    | Noticed a deep elf blademaster
 24513 | Elf:2    | Killed a deep elf blademaster
 25317 | Elf:3    | Entered Level 3 of the Elven Halls
 25563 | Elf:3    | Found Tyiribodgh's Overcharged Wands.
 25708 | Elf:3    | Noticed a deep elf master archer
 25715 | Elf:3    | Killed a deep elf master archer
 25724 | Elf:3    | Noticed a deep elf blademaster
 25728 | Elf:3    | Killed a deep elf blademaster
 25827 | Elf:3    | Noticed a deep elf master archer
 25871 | Elf:3    | Killed a deep elf master archer
 25883 | Elf:3    | Noticed a deep elf blademaster
 25889 | Elf:3    | Killed a deep elf blademaster
 26006 | Elf:3    | Identified the +5 morningstar "Telo" {elec, +Blink rN+
                  | Str+2}
 26006 | Elf:3    | Identified the +3 robe of the Depths {rN+ SInv}
 26006 | Elf:3    | Found the ring of the Octopus King {rCorr HP+2 AC+2 EV+2
                  | SH+2}
 26009 | Elf:3    | Noticed an Executioner
 26012 | Elf:3    | Reached XP level 18. HP: 118/121 MP: 16/32
 26107 | Elf:3    | Identified the ring "Coag Ics" {rPois rN+ rCorr MP+9}
 27046 | Elf:3    | Got the Cyclopedia of the Hopeless Winter
 27049 | Elf:3    | Got the Precepts of Translocation
 27249 | Elf:3    | Got the Collected Works on Battle Magic
 27281 | Elf:3    | Identified the staff "Undertaker" {^Drain *Slow rPois rF+
                  | rN++ Fire}
 27628 | Elf:3    | Found Wain Lonko's Jewellery Shoppe.
 27975 | Shoals:1 | Entered Level 1 of the Shoals
 28544 | Shoals:1 | Found Kuzeng's Antique Armour Shoppe.
 29022 | Shoals:2 | Reached skill level 14 in Earth Magic
 29978 | Shoals:3 | Found Jimynt's Antique Weapon Emporium.
 30293 | Shoals:3 | Noticed Polyphemus
 30303 | Shoals:3 | Killed Polyphemus
 30371 | Shoals:3 | Reached skill level 15 in Earth Magic
 30546 | Shoals:3 | Reached XP level 19. HP: 126/126 MP: 34/35
 30663 | Shoals:3 | Identified the +1 leather armour "Lomn" {^Contam Regen+
                  | Int+2}
 30939 | Shoals:4 | Entered Level 4 of the Shoals
 31035 | Shoals:4 | Paralysed by an air elemental for 1 turns
 31046 | Shoals:4 | Reached skill level 16 in Earth Magic
 31061 | Shoals:4 | Found a blossoming altar of Fedhas.
 31589 | Shoals:4 | Found a blossoming altar of Fedhas.
 31750 | Shoals:4 | Reached skill level 17 in Earth Magic
 31909 | Shoals:4 | Identified the orb "Ustro" {guile, Slay+5}
 31921 | Shoals:4 | Got a barnacled rune of Zot
 32178 | Snake:1  | Entered Level 1 of the Snake Pit
 33414 | Snake:2  | Noticed Donald
 33426 | Snake:2  | Killed Donald
 33747 | Snake:2  | Noticed Mlioglotl
 33775 | Snake:2  | Killed Mlioglotl
 33889 | Snake:2  | Reached skill level 18 in Earth Magic
 34518 | Snake:3  | Reached XP level 20. HP: 108/133 MP: 12/37
 34915 | Snake:4  | Entered Level 4 of the Snake Pit
 34935 | Snake:4  | Reached skill level 19 in Earth Magic
 35035 | Snake:4  | Found a transporter.
 35038 | Snake:4  | Found a transporter.
 35136 | Snake:4  | Learned a level 9 spell: Shatter
 35188 | Snake:4  | Identified the +8 hand axe of the Land of Plenty {flame,
                  | Int+4}
 35203 | Snake:4  | Found a transporter.
 35206 | Snake:4  | Found a transporter.
 35563 | Snake:4  | Reached skill level 20 in Earth Magic
 35571 | Snake:4  | Identified the +1 pair of boots "Jilup" {Slay+2}
 36016 | Snake:4  | Found a transporter.
 36019 | Snake:4  | Found a transporter.
 36119 | Snake:4  | Got a serpentine rune of Zot
 36600 | Slime:1  | Entered Level 1 of the Pits of Slime
 38267 | Slime:2  | You are sucked into a shaft and drop 1 floor!
 38440 | Slime:3  | Reached skill level 21 in Earth Magic
 39742 | Slime:5  | Entered Level 5 of the Pits of Slime
 39758 | Slime:5  | Reached XP level 21. HP: 104/138 MP: 36/38
 39760 | Slime:5  | Noticed the Royal Jelly
 39769 | Slime:5  | Killed the Royal Jelly
 39770 | Slime:5  | Reached skill level 22 in Earth Magic
 40007 | Slime:5  | Identified the +10 scimitar of Hacking and Slashing {venom,
                  | rC+ rN+}
 40030 | Slime:5  | Identified the ring "Husim" {MP+9 Slay+2}
 40456 | Slime:5  | Identified the +0 ring mail "Gyipiyl" {Will++}
 40473 | Slime:5  | Got a slimy rune of Zot
 40474 | Slime:5  | Identified the +5 rapier "Dyeseumeru" {freeze, *Noise rC++
                  | Dex+3 SInv}
 40481 | Slime:5  | Identified the ring of Ritsam {rPois rC++ MP+9 Dex-4 SInv}
 41422 | D:12     | Upgraded the game from 0.32-a0-961-gd60f5e5fc7 to
                  | 0.32-a0-975-g85d4e5bfdb
 41506 | D:15     | Bought a +6 ring of intelligence for 720 gold pieces
 41506 | D:15     | Bought a talisman of death for 1600 gold pieces
 41509 | D:15     | Bought a scroll of teleportation for 51 gold pieces
 41509 | D:15     | Bought a scroll of fog for 68 gold pieces
 41509 | D:15     | Bought a scroll of teleportation for 51 gold pieces
 41509 | D:15     | Bought a scroll of teleportation for 51 gold pieces
 41509 | D:15     | Bought a scroll of fog for 68 gold pieces
 41511 | D:15     | Bought a scroll of amnesia for 80 gold pieces
 41511 | D:15     | Bought a scroll of enchant armour for 150 gold pieces
 41511 | D:15     | Bought a scroll of fear for 80 gold pieces
 41511 | D:15     | Bought a scroll of teleportation for 60 gold pieces
 41511 | D:15     | Bought a scroll of teleportation for 60 gold pieces
 41511 | D:15     | Bought a scroll of teleportation for 60 gold pieces
 41646 | D:15     | Bought an amulet of faith for 800 gold pieces
 41844 | Temple   | Entered the Ecumenical Temple
 41862 | Temple   | Fell from the grace of Gozag
 41862 | Temple   | Became a worshipper of the Shining One
 42115 | Depths:1 | Entered Level 1 of the Depths
 42122 | Depths:1 | Found Pofar's General Store.
 42149 | Depths:1 | Reached skill level 1 in Invocations
 42290 | Depths:1 | Found Xetahepu's Magic Scroll Shoppe.
 42331 | Depths:1 | Found a glowing golden altar of the Shining One.
 42338 | Depths:1 | Found a burning altar of Makhleb.
 42398 | Depths:1 | Found an iron altar of Okawaru.
 42533 | Depths:1 | Found a gateway to Hell.
 42540 | Depths:1 | Identified the +10 plate armour of Freedom {*Corrode rElec
                  | rC+ Str+3}
 42570 | Depths:1 | Found Qaskaz's Assorted Antiques.
 42579 | Depths:1 | Found Tohysch's Book Shop.
 42786 | Depths:2 | Reached * piety under the Shining One
 42843 | Depths:2 | Identified the +6 plate armour of Resonance {^Contam Dex+5}
 42903 | Depths:2 | Reached skill level 5 in Invocations
 42918 | Depths:2 | HP: 1/144 [deep elf blademaster/+0 rapier (24)]
 42918 | Depths:2 | The Shining One protects you from harm!
 42923 | Depths:2 | Reached ** piety under the Shining One
 42928 | Depths:2 | Slain by a purple very ugly thing

Illustrated notes

Levels and vault maps discovered:
D:1:      saegor_arrival_under_anarchy, layout_basic,
          ebering_ecumenical_altar_sacrificial
D:2:      layout_basic
D:3:      layout_basic, minmay_misc_feat_encased, uniq_jessica, uniq_ijyb,
          uniq_crazy_yiuf_cottage, uniq_grinder
D:4:      layout_gridville, nicolae_gozag_seed_capital, lemuel_crystal_altar,
          portal_sewer_entry_a, guppyfry_shop_venom
D:5:      layout_rooms, grunt_temple_overflow_magic_moments,
          nicolae_ashenzari_skybound, minmay_temple_entry_statues
D:6:      layout_cave_pods, nemelex_xobeh_ov_fountains_minmay, serial_shops,
          nicolae_square_shop, ebering_ghost_sewer_d, serial_bayou,
          serial_bayou_pond_a, serial_bayou_pond_d, serial_bayou_pond_a,
          serial_bayou_shore_b, minmay_holes, columned_hall_lemuel
D:7:      layout_basic
D:8:      layout_cave_pools, mainiacjoe_overflow_tiny_flanked, kennysheep_mini,
          lemuel_mausoleum_altar_yredelemnul, serial_demonic, serial_demonic_a,
          serial_demonic_d, serial_demonic_d, serial_demonic_e,
          serial_demonic_b, minmay_checkerbox
D:9:      minmay_cut_squares, layout_irregular_city, chei_slow_surprise,
          serial_shops, shop
D:10:     layout_loops_ring, pdpol_wu_jian_five_deadly_venoms,
          minmay_lair_entry_grove, orc_0_dummy, chequers_serial_rivers_micro_c,
          nicolae_transmutations_shop, uniq_erica
D:11:     layout_basic, serial_shops, shop
D:12:     layout_basic, nicolae_transporter_intersection
D:13:     layout_irregular_city, grunt_tough_drop
D:14:     layout_grid_maze, erik_vaults_1, ebering_ghost_gozag,
          nicolae_figureground_sparkle, uniq_kirke, uniq_josephine
D:15:     hangedman_depths_entry_try_elsewhere_first, layout_irregular_city,
          minmay_misc_feat_ornament, eino_small_chamber_without_monster,
          uniq_roxanne
Temple:   chequers_temple_sunken
Lair:1:   layout_gridlike, grunt_forest_small_clearing_treed, uniq_maggie
Lair:2:   layout_cave_pods, shoals_dummy_entry,
          portal_ice_cave_entry_ice_simulacra, grunt_megastairs_5,
          lemuel_fruit_tree
Lair:3:   layout_cave_pods, guppyfry_snake_entry_garden, grunt_megastairs_3
Lair:4:   layout_misc_corridors, nicolae_lair_grazing_beasts
          [nicolae_sub_lair_graze_edge, nicolae_sub_lair_graze_edge,
          nicolae_sub_lair_graze_edge, nicolae_sub_lair_graze_edge],
          grunt_megastairs_1
Lair:5:   minmay_lair_end_enchanted_forest, layout_concentric_octagons,
          minmay_slime_entry_pillars, basic_altar, patterned_corridor
Shoals:1: layout_shoals, serial_shops, nicolae_shop_behind_doors,
          nicolae_shoals_nautilus_by_nature, nicolae_shoals_seven_spires
Shoals:2: layout_shoals, st_cyclops
Shoals:3: layout_shoals, serial_shops, nicolae_shop_advertising_works
          [nicolae_subvault_shop_adworks], nicolae_tricolors, uniq_polyphemus
Shoals:4: shoals_end_hellmonk_storm_palace [storm_palace_center_ruins,
          storm_palace_corner_altar, storm_palace_corner_grid,
          storm_palace_corner_altar, storm_palace_corner_grid]
Snake:1:  layout_chambers
Snake:2:  layout_chambers, uniq_donald, uniq_mlioglotl
Snake:3:  layout_onion_interference, drop_trap
Snake:4:  snake_pit, layout_cave_town, serial_nicolae_subway,
          nicolae_sub_station_metal, nicolae_sub_station_stone,
          nicolae_sub_station_crystal
Slime:1:  layout_caves
Slime:2:  layout_caves
Slime:3:  layout_caves
Slime:4:  layout_caves, nicolae_slime_welcoming_committee
Slime:5:  slime_pit
Orc:1:    layout_caves, serial_shops, shop, shop, shop, basic_altar
Orc:2:    hellmonk_orc_salted, layout_caves, uniq_nessos
Elf:1:    layout_loops_ring, serial_shops, shop, nicolae_elf_shapeshifter_party,
          uniq_asterion
Elf:2:    nicolae_elf_blades_splatter_lattice [mumra_blade_entry_bloodbath],
          layout_rooms, nicolae_trove_entry_path_of_doom, serial_shops, shop,
          grunt_ministairs_4
Elf:3:    grunt_elf_hall_branching, layout_geoelf_castle, serial_shops, shop,
          nicolae_shop_overcharged_wands
Depths:1: layout_cave_pools, lightli_too_deep, okawaru_gym_becter, serial_shops,
          nicolae_shop_peninsula, shop, nicolae_shop_pleasant_corner_grove,
          shop, nrook_campfire, nzn_life_drinkers
Depths:2: grunt_double_whammy, layout_honeycomb, rand_demon_pan_entry_5,
          pf_dread_powers_of_hell, minmay_staircase_statues_hall_small,
          uniq_norris

Skill      XL: |  1  2  3  4  5  6  7  8  9 10 11 12 13 14 15 16 17 18 19 20 21 |
---------------+----------------------------------------------------------------+-----
Alchemy        | 1 2 3 4 6 9 11 12 14 16 17 19 | 19.0
Spellcasting   | 3 4 5 7 10 12 13 | 13.9
Translocations | 2 4 |  4.0
Conjurations   | 5 6 7 10 12 15 18 19 | 19.0
Fighting       | 4 5 7 |  7.0
Fire Magic     | 2 4 |  4.0
Earth Magic    | 5 10 13 15 18 21 22 | 22.0
Invocations    | 5 |  5.0
Dodging        | |  2.0
Stealth        | |  2.0

Action                     |  1- 3 |  4- 6 |  7- 9 | 10-12 | 13-15 | 16-18 | 19-21 || total
---------------------------+-------+-------+-------+-------+-------+-------+-------++-------
  Melee: Dagger            |     2 |     9 |       |       |       |       |       ||    11
         Falchion          |       |       |    48 |    32 |    36 |       |       ||   116
         Staff             |       |       |       |       |       |     2 |     2 ||     4
  Throw: Dart              |       |       |     4 |       |       |       |       ||     4
   Cast: Magic Dart        |    13 |     1 |       |       |     1 |       |       ||    15
         Searing Ray       |    15 |    33 |    34 |    50 |    42 |     3 |     6 ||   183
         Fulminant Prism   |       |     3 |    24 |    49 |    25 |    30 |       ||   131
         Olgreb's Toxic Ra |       |       |     8 |    56 |    85 |   108 |    27 ||   284
         Iskenderun's Myst |       |       |     2 |    16 |    38 |    38 |    25 ||   119
         Ignite Poison     |       |       |       |    36 |    50 |    78 |    18 ||   182
         Seismic Cannonade |       |       |       |       |    95 |   102 |    52 ||   249
         Fulsome Fusillade |       |       |       |       |       |    19 |    91 ||   110
         Shatter           |       |       |       |       |       |       |    17 ||    17
 Invoke: Potion Petition   |       |       |       |       |       |     4 |     4 ||     8
         Call Merchant     |       |       |       |       |       |       |     5 ||     5
  Evoke: Phial of floods   |       |       |       |     1 |     1 |     1 |       ||     3
         Wand              |       |       |       |       |     2 |       |     3 ||     5
    Use: Scroll            |       |     6 |       |     1 |    10 |     7 |    19 ||    43
         Potion            |       |     1 |       |       |       |       |     2 ||     3
   Stab: Sleeping          |     1 |     1 |     3 |       |       |       |       ||     5
         Distracted        |       |       |       |       |     1 |       |       ||     1
 Armour: Robe              |     4 |    28 |    56 |   101 |   123 |   125 |   184 ||   621
  Dodge: Dodged            |     9 |    29 |    59 |    63 |    74 |    52 |    50 ||   336
  Block: Other             |     4 |     9 |    17 |    17 |       |       |       ||    47
         Reflection        |     1 |       |       |       |       |       |       ||     1

Table legend: (Time is in decaauts)
 A = Elapsed time spent in this place.
 B = Non-inter-level travel time spent in this place.
 C = Inter-level travel time spent in this place.
 D = Time resting spent in this place.
 E = Time spent auto-exploring this place.
 F = Levels seen in this place.
 G = Mean time per level.
                   A        B        C        D        E       F      G
               +--------+--------+--------+--------+--------+-----+--------+
         Total |  43042 |  33749 |   9293 |   1220 |  18568 |  44 |  978.2 |
       Dungeon |  15538 |  11276 |   4262 |    300 |   6427 |  15 | 1035.9 |
        Temple |     46 |     11 |     35 |      0 |      0 |   1 |   46.0 |
          Lair |   5911 |   4752 |   1159 |    155 |   2685 |   5 | 1182.2 |
        Shoals |   3860 |   3113 |    747 |      0 |   1932 |   4 |  965.0 |
     Snake Pit |   4167 |   3357 |    810 |      0 |   2469 |   4 | 1041.8 |
    Slime Pits |   4393 |   3470 |    923 |      0 |   1841 |   5 |  878.6 |
  Orcish Mines |   1801 |   1375 |    426 |      0 |    941 |   2 |  900.5 |
   Elven Halls |   4681 |   3875 |    806 |    528 |   1504 |   3 | 1560.3 |
        Depths |    811 |    689 |    122 |      0 |    364 |   2 |  405.5 |
         Trove |     51 |     51 |      0 |      0 |      2 |   1 |   51.0 |
         Sewer |     82 |     82 |      0 |      0 |      0 |   1 |   82.0 |
      Ice Cave |   1697 |   1697 |      0 |    237 |    402 |   1 | 1697.0 |
               +--------+--------+--------+--------+--------+-----+--------+

Top non-repeatable levels by time:
   Elf:2: 1989 daAuts
   Elf:3: 1929 daAuts
     D:9: 1817 daAuts
  Lair:5: 1770 daAuts
   IceCv: 1697 daAuts
    D:10: 1471 daAuts
 Snake:4: 1276 daAuts
  Lair:2: 1249 daAuts
    D:12: 1226 daAuts
     D:6: 1216 daAuts
 Snake:1: 1207 daAuts
 Snake:2: 1199 daAuts
    D:14: 1170 daAuts
  Lair:3: 1169 daAuts
 Slime:1: 1126 daAuts
